Map: Dasan Station LE

Players

HeroMarine

  • Race: Terran Terran

TRUE - Winner!

  • Race: Zerg Zerg

Event: 2016 WCS Summer Circuit Championship (DH Montreal)

VOD

Have the link to the VOD?

Description

Time

  • Played on: Aug. 14, 2016, 12:18 p.m.
  • Length: 10:56

All games in this series

Show
View Real Time Build Order
Export as new Build Order

HeroMarine Terran 

Build Orders: Hellion Opening, MMM Bio 

Get SALT Encoding   

  12  0:00  SCV  
  13  0:12  SCV  
  14  0:17  Supply Depot  
  14  0:25  SCV  
  15  0:38  SCV  
  15  0:40  Barracks  
  16  0:50  SCV, Refinery  
  17  1:03  SCV  
  18  1:15  SCV  
  19  1:27  Marine, Orbital Command  
  20  1:42  Command Center  
  20  1:44  Marine  
  21  1:53  SCV  
  22  1:55  Supply Depot  
  22  2:05  SCV  
  23  2:08  Factory  
  23  2:11  Barracks Reactor  
  23  2:17  SCV  
  24  2:25  Barracks  
  24  2:29  SCV  
  25  2:36  Refinery  
  25  2:41  SCV  
  26  2:52  Engineering Bay  
  26  2:55  Barracks Tech Lab  
  26  2:57  Orbital Command  
  29  2:58  Hellion  
  29  3:01  Hellion  
  29  3:04  SCV  
  31  3:13  Barracks Tech Lab  
  31  3:17  Marauder, Stimpack  
  33  3:20  Hellion  
  33  3:26  Hellion  
  37  3:31  Supply Depot  
  37  3:34  Marauder  
  39  3:43  SCV x2  
  39  3:49  Hellion x2  
  43  3:56  Marauder  
  45  4:06  Marauder  
  45  4:09  Supply Depot  
  47  4:10  SCV x2  
  47  4:14  Hellion  
  51  4:17  Hellion  
  53  4:25  Armory  
  55  4:33  Marauder x2  
  57  4:41  SCV x2  
  59  4:49  Hellion x2  
  63  4:55  Marauder  
  63  4:58  Supply Depot  
  65  5:02  Marauder  
  65  5:05  SCV x2  
  69  5:20  Hellion x2  
  73  5:27  SCV  
  70  5:28  SCV  
  70  5:34  Hellion x2  
  55  5:36  Combat Shields  
  55  5:37  Marine x2  
  55  5:39  SCV  
  55  5:40  SCV  
  55  5:41  Hellion  
  53  5:43  Hellion  
  53  5:48  Supply Depot  
  51  5:51  SCV  
  51  5:52  Terran Infantry Weapons Level 1, SCV  
  51  5:55  Marine x2  
  55  6:03  SCV  
  56  6:04  Starport, SCV  
  56  6:06  Hellion, Barracks  
  56  6:09  Hellion  
  61  6:18  Refinery  
  63  6:19  Marine x2  
  63  6:28  Hellion, Barracks  
  63  6:30  Hellion, Barracks  
  67  6:36  Barracks  
  71  6:40  Supply Depot  
  71  6:42  Marine x2  
  71  6:44  Starport Reactor  
  71  6:45  Missile Turret  
  69  6:49  Hellion  
  69  6:52  Hellion  
  73  6:57  Supply Depot, Barracks Reactor  
  73  7:02  Marauder x2  
  77  7:17  Barracks Reactor x2  
  77  7:20  Supply Depot  
  77  7:22  Widow Mine, Medivac x2  
  81  7:23  Marauder x2  
  81  7:29  Barracks Reactor  
  89  7:32  Supply Depot  
  89  7:33  Marine  
  89  7:34  Widow Mine, Marine  
  91  7:47  Supply Depot  
  91  7:49  Marine x2  
  70  7:59  Marine x2  
  70  8:02  Marine  
  70  8:03  Marine  
  70  8:05  Marine  
  73  8:08  Marauder x2  
  73  8:09  Marine  
  73  8:10  Marine  
  80  8:14  Marine  
  80  8:17  Marine  
  80  8:18  Marine  
  83  8:25  Marine x2  
  85  8:29  Marauder  
  85  8:32  Marine x2  
  79  8:35  Marine x2  
  79  8:37  Marine x2  
  79  8:39  Marauder  
  79  8:43  Marine x2  
  73  8:49  Widow Mine  
  73  8:50  Marine  
  73  8:52  Medivac  
  78  8:56  Medivac  
  78  9:02  Marine x2  
  83  9:03  Marauder  
  83  9:04  Marine  
  83  9:07  Marine  
  83  9:08  Marine  
  87  9:10  Marine  
  87  9:12  Marine  
  91  9:17  Marauder  
  91  9:19  Widow Mine  
  91  9:22  Marine  
  94  9:28  Marine  
  94  9:29  Marine  
  96  9:34  Marine x2  
  98  9:38  Bunker  
  89  9:47  Marauder  
  89  9:51  SCV  
  85  9:56  Marine  
  85  9:59  Marine  
  87  10:08  Marine  
  85  10:18  Marine  
  85  10:19  Marine x2  
  85  10:20  Marine  
  85  10:21  Marine  
  90  10:27  Marine  
  89  10:35  Marauder  
Show
View Real Time Build Order
Export as new Build Order

TRUE Zerg - Winner!

Build Orders: Hatch First 

Get SALT Encoding   

  12  0:00  Drone  
  13  0:07  Drone  
  14  0:32  Hatchery  
  13  0:36  Drone  
  14  0:53  Spawning Pool  
  14  0:55  Drone  
  14  1:04  Overlord  
  14  1:08  Extractor  
  14  1:09  Drone  
  14  1:22  Drone  
  14  1:25  Drone  
  16  1:28  Drone  
  19  1:40  Zergling x2  
  19  1:43  Queen  
  19  1:44  Zergling x2  
  21  1:50  Zergling x2  
  22  2:02  Queen  
  24  2:08  Metabolic Boost  
  24  2:13  Zergling x4  
  26  2:18  Overlord  
  26  2:22  Drone  
  27  2:24  Drone  
  28  2:37  Drone x3  
  28  2:38  Queen  
  28  2:43  Overlord  
  33  2:49  Queen  
  35  2:51  Drone  
  36  3:03  Drone  
  37  3:10  Drone x3  
  40  3:13  Overlord  
  40  3:14  Queen  
  42  3:26  Queen  
  44  3:30  Hatchery, Zergling x2  
  44  3:31  Zergling x2  
  44  3:32  Zergling x2  
  44  3:33  Zergling x2  
  47  3:35  Zergling x2  
  47  3:37  Zergling x2  
  46  3:50  Zergling x12  
  46  3:52  Queen  
  52  4:04  Overlord  
  52  4:15  Overlord  
  52  4:19  Overlord  
  52  4:22  Overlord  
  52  4:23  Zergling x10  
  57  4:27  Queen  
  59  4:32  Queen  
  61  4:41  Zergling x4  
  63  4:52  Zergling x18  
  72  4:53  Overlord  
  72  5:01  Zergling x2  
  72  5:03  Zergling x2  
  72  5:04  Zergling x2  
  75  5:09  Queen  
  75  5:14  Zergling x6  
  80  5:15  Zergling x4  
  80  5:16  Zergling x2  
  79  5:24  Zergling x2  
  79  5:25  Zergling x2  
  79  5:27  Zergling x6  
  83  5:29  Zergling x2  
  83  5:35  Drone  
  76  5:36  Drone  
  76  5:39  Drone  
  76  5:42  Drone x3  
  80  5:44  Extractor  
  80  5:47  Drone  
  80  5:48  Drone  
  81  5:50  Drone x3  
  81  5:51  Hatchery, Drone  
  83  5:59  Drone x2  
  83  6:01  Drone  
  86  6:08  Extractor, Overlord  
  86  6:09  Evolution Chamber, Baneling Nest, Drone  
  86  6:10  Drone  
  86  6:11  Drone  
  86  6:12  Drone  
  87  6:19  Drone x3  
  90  6:31  Overlord  
  90  6:33  Zergling x12  
  90  6:34  Zergling x2  
  90  6:37  Overlord  
  90  6:39  Zerg Ground Armor Level 1  
  97  6:42  Zergling x6  
  97  6:46  Queen  
  102  6:50  Overlord, Zergling x2  
  102  6:53  Baneling x4  
  102  6:54  Baneling  
  103  7:01  Zergling x10  
  105  7:02  Zergling x2  
  105  7:03  Zergling x2  
  110  7:12  Baneling  
  110  7:13  Baneling x7  
  110  7:16  Zergling x10  
  110  7:17  Zergling x2  
  110  7:19  Drone  
  110  7:21  Drone x3  
  120  7:25  Baneling x3  
  120  7:26  Drone  
  120  7:27  Drone  
  120  7:28  Drone  
  120  7:29  Drone  
  124  7:34  Baneling x4, Drone  
  124  7:35  Drone  
  122  7:50  Zergling x18  
  117  7:58  Zergling x14  
  104  8:01  Zergling x2  
  104  8:04  Zergling x2  
  104  8:07  Zergling x2  
  104  8:10  Zergling x4  
  104  8:11  Baneling x2  
  104  8:12  Baneling x6  
  107  8:13  Zergling x4  
  107  8:14  Zergling x4  
  107  8:18  Zergling x2  
  107  8:19  Queen  
  115  8:20  Zergling x2  
  115  8:21  Baneling x7  
  115  8:23  Zergling x2  
  115  8:26  Zergling x2  
  110  8:35  Zergling x4  
  110  8:37  Zergling x4  
  110  8:39  Zergling x4  
  110  8:40  Zergling x16  
  116  8:44  Zergling x2  
  116  8:48  Zergling x2  
  117  8:50  Zergling x2  
  117  8:51  Zerg Melee Weapons Level 1, Zergling x2  
  117  8:55  Zergling x2  
  119  8:58  Zergling x2  
  119  8:59  Pneumatized Carapace  
  119  9:00  Zergling x2  
  119  9:01  Zergling x2  
  122  9:03  Zergling x4  
  122  9:05  Zergling x2  
  122  9:06  Zergling x2  
  122  9:08  Zergling x4  
  128  9:11  Overlord  
  128  9:13  Baneling x7  
  128  9:15  Overlord  
  128  9:18  Baneling  
  128  9:22  Overlord  
  128  9:25  Overlord  
  128  9:26  Overlord  
  128  9:30  Lair  
  128  9:32  Zergling x16  
  119  9:45  Zergling x2  
  119  9:48  Zergling x4  
  119  9:49  Zergling x10  
  119  9:50  Zergling x2  
  119  9:51  Zergling x6  
  128  9:54  Baneling x3  
  128  9:55  Baneling x5  
  128  9:59  Zergling x6  
  131  10:01  Zergling x2  
  131  10:02  Zergling x6  
  136  10:07  Zergling x2  
  136  10:09  Zergling x2  
  136  10:13  Baneling  
  136  10:14  Baneling x6  
  132  10:15  Zergling x4  
  132  10:18  Zergling x2  
  132  10:20  Zergling x6  
  137  10:22  Zergling x4  
  137  10:23  Zergling x2  
  132  10:30  Zergling x2  
  132  10:33  Zergling x2  
  135  10:39  Zergling x8  
Tags
 
Add a new tag
Caveats
  • Supply blocks, unpowered buildings, or Contaminate may cause inaccurate times.
  • Supply counts are checked every 10 seconds.